 Dungeon Crawl Stone Soup version 0.26-a0-752-gcff87cac9a (webtiles) character file.

Game seed: 1089105060314431629

267 oldriver the Magician (level 6, 0/32 HPs)
             Began as a Gargoyle Fire Elementalist on Nov 7, 2020.
             Slain by an ogre
             ... wielding a +0 giant club
              (13 damage)
             ... on level 4 of the Dungeon.
             The game lasted 00:04:41 (5382 turns).

oldriver the Magician (Gargoyle Fire Elementalist)  Turns: 5382, Time: 00:04:41

Health: 0/32       AC:  6    Str: 11    XL:     6   Next: 21%
Magic:  10/12      EV: 12    Int: 18    God:
Gold:   272        SH:  0    Dex: 10    Spells: 5/13 levels left

rFire    . . .     SeeInvis .   g - +2 dagger (elec)
rCold    . . .     Faith    +   (no shield)
rNeg     + . .     Spirit   .   a - +0 robe
rPois    ∞         Reflect  .   (no helmet)
rElec    +         Harm     .   (no cloak)
rCorr    .         Rampage  .   (no gloves)
MR       .....                  (no boots)
Stlth    ++........             j - amulet of faith
HPRegen  0.10/turn              (no ring)
MPRegen  0.13/turn              (no ring)

@: no status effects
A: negative energy resistance 1, electricity resistance, unbreathing,
petrification resistance, rot immunity, AC +4
a: no special abilities


You were on level 4 of the Dungeon.
You visited 1 branch of the dungeon, and saw 4 of its levels.

You collected 272 gold pieces.

Inventory:

Hand Weapons
 g - a +2 dagger of electrocution (weapon)
Armour
 a - a +0 robe (worn)
Jewellery
 j - an amulet of faith (around neck)
Wands
 l - a wand of flame (12)
Scrolls
 b - a scroll of enchant armour {unknown}
 e - a scroll of immolation {unknown}
 f - 3 scrolls of identify {unknown}
 h - 2 scrolls of teleportation {unknown}
 i - 4 scrolls of fog {unknown}
Potions
 c - 2 potions of curing {unknown}
 d - a potion of flight {unknown}
 k - a potion of invisibility {unknown}
 m - a potion of haste {unknown}
 n - 2 potions of attraction {unknown}


   Skills:
 + Level 2.0 Dodging
 + Level 2.6 Stealth
 + Level 0.1 Unarmed Combat
 * Level 4.4 Spellcasting
 + Level 2.6 Conjurations
 + Level 3.9 Fire Magic


You had 5 spell levels left.
You knew the following spells:

 Your Spells              Type           Power        Failure   Level
a - Foxfire               Conj/Fire      ###.         3%          1
b - Conjure Flame         Conj/Fire      ###.....     11%         3
c - Sticky Flame          Conj/Fire      ###.....     34%         4

Your spell library contained the following spells:

 Spells                   Type           Power        Failure   Level
 Inner Flame              Hex/Fire       ##......     19%         3
 Fireball                 Conj/Fire      ###.......   69%         5


Dungeon Overview and Level Annotations

Branches:
Dungeon (4/15)
 Temple: D:4-7

Altars:
Fedhas
Trog
Zin

Annotations:
D:4 1 runed translucent door


Innate Abilities, Weirdness & Mutations

You are resistant to torment.
Your stone body is resilient. (AC +4)
You are immune to poison.
You resist negative energy. (rN+)
You are resistant to electric shocks. (rElec)
You can survive without breathing.
You are immune to petrification.
You are immune to rotting.


Message History

The foxfire hits the ogre.
The ogre is moderately wounded.
Casting: Foxfire (safe; 3% risk of failure)
Confirm with . or Enter, or press ? or * to list all spells.
You conjure some foxfire!
The foxfire hits the ogre.
The ogre is heavily wounded.
The foxfire hits the ogre.
The ogre is severely wounded.
Casting: Foxfire (safe; 3% risk of failure)
Confirm with . or Enter, or press ? or * to list all spells.
You conjure some foxfire!
The ogre hits you with a +0 giant club!!
Ouch! That really hurt!
The foxfire hits the ogre.
The ogre is almost dead.
The foxfire hits the ogre.
The ogre is almost dead.
The ogre hits you with a +0 giant club!
You die...

. #..#...## #.# #
###.......# #.# #
#........># #.### .. #.
#.#.......# #.##. †.#
#..###.#..#...## ###.##. †#
#.........##.########...##.
##
#........##...[...........
#####.###.O.....####.#####
##########.# #@#####.# #.#
#..>....##.###.# #.# #.#
#.#####........# #.# ...
#.# ###.###### #.# #.# #.#
#.# #.. ... ###.## #.# ###
#.# ..<#.# #.# ###.## #.#
### #.#


You could see an ogre.

Vanquished Creatures
  An ogre (D:3)
  An orc priest (D:3)
  5 adders (D:2)
  2 worms (D:2)
  2 dart slugs
  2 leopard geckos
  9 orcs
  A ball python (D:1)
  6 bats
  2 giant cockroaches (D:1)
  9 goblins
  10 hobgoblins
  10 jackals
  11 frilled lizards
  10 kobolds
  10 rats
91 creatures vanquished.

Vanquished Creatures (others)
  407 foxfires
407 creatures vanquished.

Grand Total: 498 creatures vanquished

Notes
Turn   | Place    | Note
-------+----------+-------------------------------------------
     0 | D:1      | oldriver the Gargoyle Fire Elementalist began the quest for
                  | the Orb.
     0 | D:1      | Reached XP level 1. HP: 10/10 MP: 3/3
   615 | D:1      | Reached XP level 2. HP: 15/15 MP: 0/5
  1414 | D:1      | Reached XP level 3. HP: 18/19 MP: 1/6
  2348 | D:2      | Reached skill level 3 in Spellcasting
  2414 | D:2      | Reached XP level 4. HP: 8/24 MP: 3/8
  2816 | D:2      | Found a faded altar of an unknown god.
  3380 | D:2      | Found a bloodstained altar of Trog.
  3380 | D:2      | Found a blossoming altar of Fedhas.
  3781 | D:2      | Reached XP level 5. HP: 25/28 MP: 1/10
  4424 | D:3      | Reached skill level 4 in Spellcasting
  4789 | D:3      | Learned a level 3 spell: Conjure Flame
  4794 | D:3      | Learned a level 4 spell: Sticky Flame
  4881 | D:3      | Noticed an ogre
  4940 | D:3      | Killed an ogre
  4940 | D:3      | Reached XP level 6. HP: 32/32 MP: 8/12
  5056 | D:4      | Found a glowing silver altar of Zin.
  5056 | D:4      | Noticed an angel
  5057 | D:4      | Found a runed translucent door.
  5382 | D:4      | Slain by an ogre

Illustrated notes

Levels and vault maps discovered:
D:1:      minmay_arrival_solitary_statue, layout_basic, nrook_mini_vaults
D:2:      layout_basic, gammafunk_temple_overflow_elements,
          chequers_ecumenical_altar_simple_redux
D:3:      layout_rooms, serial_glass, glass_columns_b, glass_columns_b
D:4:      layout_loops_ring, lemuel_angel_altar

Skill      XL: |  1  2  3  4  5 |
---------------+----------------+-----
Spellcasting   | 3 4 |  4.4
Conjurations   | 2 |  2.6
Dodging        | 2 |  2.0
Stealth        | |  2.6
Unarmed Combat | |  0.1
Fire Magic     | |  3.9

Action                   |  1- 3 |  4- 6 || total
-------------------------+-------+-------++-------
Melee: Unarmed           |    19 |       ||    19
       Dagger            |     1 |     4 ||     5
 Cast: Foxfire           |   102 |   144 ||   246
Armor: Robe              |    25 |     8 ||    33
Dodge: Dodged            |    31 |    10 ||    41

Table legend: (Time is in decaauts)
 A = Elapsed time spent in this place.
 B = Non-inter-level travel time spent in this place.
 C = Inter-level travel time spent in this place.
 D = Time resting spent in this place.
 E = Time spent auto-exploring this place.
 F = Levels seen in this place.
 G = Mean time per level.
                   A        B        C        D        E       F      G
               +--------+--------+--------+--------+--------+-----+--------+
         Total |   5381 |   5274 |    107 |   1785 |   2671 |   4 | 1345.2 |
       Dungeon |   5381 |   5274 |    107 |   1785 |   2671 |   4 | 1345.2 |
               +--------+--------+--------+--------+--------+-----+--------+

Top non-repeatable levels by time:
     D:1: 2238 daAuts
     D:2: 1754 daAuts
     D:3: 1063 daAuts
     D:4: 325 daAuts
